Unix NetHack Version 5.0.0-0 post-release - last build Jun 10 2026 00:39:30 (3ee93aec679c4c4259841fe613dc97188e26a321,branch:main).

Game began 2026-06-15 23:48:27, ended 2026-06-22 00:50:04.

BaeHund, chaotic male human Barbarian

                                                              -----
                                                              |.A.   a
                                                             --@.---------
                                                            --.A.|....@..|A
                                                           --%..a|.......|
                                                      .....-.a%a.-...@...|
                                                    ...    --1Aa.|.......|
                                                    .%.     --.@.|@..D'..|
                                                    -.--     --..---------
                                                --- ...------ |...     @
                              ...              ...%.....)...| -----
                              ...--          -....%.........|
                              ....--        -........... ...|
                               ....----+----....          ..|
                                 ..............
                                  ------------
BaeHund the Reaver         St:25 Dx:17 Co:18 In:8 Wi:17 Ch:9  Chaotic
Astral Plane $:2  HP:104(256) Pw:19(19) AC:-28 Xp:21 T:40623  Satiated

Latest messages:
 The killer bee misses the fire ant.
 The killer bee misses!
 The giant ant misses the giant beetle.
 The killer bee misses the giant ant.
 The fire ant misses the giant beetle.
 The fire ant bites the giant beetle.
 The giant beetle is on fire!
 The giant beetle is killed!
 "Run away!  Live to flee another day!"
 The priestess of Mitra swings her mace at the fire ant.
 The priestess of Mitra hits the fire ant.
 The fire ant is killed!
 The renegade priest of Set casts a spell!
 The renegade priest of Set looks better.
 The high priestess intones:
 "Pilgrim, you enter a sacred place!"
 The killer bee misses the giant ant.
 The giant ant misses the killer bee.
 Pick a monster, object or location.
 The killer bee misses the giant ant.
 The giant beetle misses the soldier ant.
 The priestess of Crom turns to flee.
 The priestess of Mitra casts a spell!
 The giant ant misses the killer bee.
 Pick a monster, object or location.
 Automatic description is off.
 Move cursor to a monster, object or location:
 Talk to whom? (in what direction) l
 The high priestess of Set gives you two bits for an ale.
 The giant ant misses the killer bee.
 The killer bee misses the killer bee.
 The priestess of Crom swings her mace at the red dragon.
 The priestess of Crom hits the red dragon.
 The priestess of Crom hits the red dragon.
 The iron golem turns to flee.
 The giant ant misses the killer bee.
 The killer bee misses the giant ant.
 The giant ant misses the soldier ant.
 What do you want to sacrifice? [R or ?*] ?
 You offer the Amulet of Yendor to Set...
 An invisible choir sings, and you are bathed in radiance...
 The voice of Set booms: "Mortal, thou hast done well!"
 "In return for thy service, I grant thee the gift of Immortality!"
 You ascend to the status of Demigod...
 Do you want your possessions identified? [ynq] (y) y
 Do you want to see your attributes? [ynq] (y) y
 Do you want an account of creatures vanquished? [ynaq] (y) y
 Do you want a list of species genocided? [ynaq] (y) y
 Do you want to see your conduct and achievements? [ynq] (y) y
 Do you want to see the dungeon overview? [ynq] (y) y

Inventory:
 Coins    ('$')
  $ - 2 gold pieces
 Amulets  ('"')
  U - a blessed amulet of life saving
  D - an uncursed amulet of reflection (being worn)
 Weapons  (')')
  a - the blessed rustproof +6 Cleaver (weapon in hands)
  B - the rustproof +7 Dragonbane
 Armor    ('[')
  n - a blessed rustproof +4 helm of telepathy (being worn)
  f - a blessed rustproof +4 pair of gauntlets of power (being worn)
  H - a blessed +4 pair of speed boots (being worn)
  p - a blessed +3 shield of drain resistance
  J - a blessed fireproof +4 cloak of protection (being worn)
  S - a blessed rotproof +4 gray dragon scale mail (being worn)
 Scrolls  ('?')
  o - a blessed scroll of remove curse
 Spellbooks  ('+')
  z - the uncursed Book of the Dead
 Rings    ('=')
  G - an uncursed ring of conflict (on left hand)
  u - an uncursed ring of free action (on right hand)
  A - a blessed +1 ring of protection
  c - a cursed ring of slow digestion
 Wands    ('/')
  P - a wand of enlightenment (0:11)
  N - a wand of teleportation (1:7)
  O - a cursed wand of teleportation (0:2)
 Tools    ('(')
  b - a blessed bag of holding containing 84 items
  I - the Bell of Opening (0:1)
  M - an uncursed blindfold
  X - the uncursed Candelabrum of Invocation (0 of 7 candles attached)
  x - the blessed Master Key of Thievery
  e - an uncursed skeleton key
  s - a blessed +0 unicorn horn
 Gems/Stones  ('*')
  y - the blessed Heart of Ahriman
  Q - an uncursed luckstone

Contents of the bag of holding:
  4284 gold pieces
  a cursed amulet of change
  an uncursed amulet of flying
  the fireproof +3 Sting
  the blessed rustproof +0 Sunsword
  a cursed -2 helm of opposite alignment
  an uncursed cram ration
  7 uncursed food rations
  an uncursed pancake
  2 blessed scrolls of amnesia
  an uncursed scroll of amnesia
  6 uncursed scrolls of blank paper
  2 cursed scrolls of blank paper
  3 uncursed scrolls of confuse monster
  9 uncursed scrolls of create monster
  a blessed scroll of destroy armor
  6 uncursed scrolls of destroy armor
  2 uncursed scrolls of earth
  a blessed scroll of enchant armor
  an uncursed scroll of enchant armor
  2 blessed scrolls of enchant weapon
  3 uncursed scrolls of enchant weapon
  a cursed scroll of enchant weapon
  an uncursed scroll of fire
  2 uncursed scrolls of food detection
  a cursed scroll of food detection
  4 uncursed scrolls of light
  a cursed scroll of light
  2 uncursed scrolls of magic mapping
  a cursed scroll of magic mapping
  an uncursed scroll of punishment
  an uncursed scroll of scare monster
  4 uncursed scrolls of teleportation
  8 uncursed scrolls of teleportation
  4 cursed scrolls of teleportation
  an uncursed potion of booze
  an uncursed potion of enlightenment
  an uncursed potion of gain energy
  a cursed potion of gain energy
  an uncursed potion of object detection
  an uncursed potion of see invisible
  a cursed potion of sickness
  3 potions of holy water
  a potion of unholy water
  an uncursed ring of cold resistance
  an uncursed ring of free action
  an uncursed ring of free action
  a cursed ring of hunger
  an uncursed ring of levitation
  an uncursed ring of levitation
  an uncursed ring of levitation
  an uncursed ring of polymorph control
  an uncursed +1 ring of protection
  an uncursed ring of protection from shape changers
  an uncursed ring of see invisible
  an uncursed ring of teleport control
  an uncursed ring of teleportation
  a wand of cold (0:8)
  a wand of cold (0:2)
  a wand of create monster (0:14)
  a wand of create monster (0:12)
  a wand of create monster (0:7)
  a cursed wand of create monster (0:11)
  a wand of death (0:0)
  a blessed wand of digging (0:0)
  a wand of digging (0:1)
  a wand of digging (0:1)
  a wand of digging (0:0)
  a wand of digging (0:0)
  a wand of locking (0:7)
  a wand of make invisible (0:4)
  a wand of opening (0:4)
  a wand of polymorph (0:5)
  a wand of polymorph (0:4)
  a wand of polymorph (0:1)
  a wand of secret door detection (0:9)
  a wand of teleportation (0:5)
  a wand of teleportation (0:5)
  a wand of undead turning (0:3)
  a blessed magic marker (0:3)
  a magic marker (0:32)
  an uncursed magic whistle
  a +0 unicorn horn
  4 uncursed wax candles

BaeHund the Barbarian's attributes:

Background:
 You were a Reaver, a level 21 male human Barbarian.
 You were chaotic, on a mission for Set
 who was opposed by Mitra (lawful) and Crom (neutral).
 You were right-handed.
 You were in the endgame, on the Astral Plane.
 You entered the dungeon 40623 turns ago.
 It was the midnight hour.
 You had 17125945 experience points, 2874055 more were needed for level 22.

Basics:
 You had 104 out of 256 hit points.
 You had all 19 energy points (spell power).
 Your armor class was -28.
 Your wallet contained 2 zorkmids, and
 you had 4284 more stashed away in your pack.
 Autopickup was off.

Final Characteristics:
 Your strength was 25 (base:18/13, peak:18/14, innate limit:18/100).
 Your dexterity was 17 (limit:18).
 Your constitution was 18 (limit:18).
 Your intelligence was 8 (limit:18).
 Your wisdom was 17 (limit:18).
 Your charisma was 9 (limit:18).

Final Status:
 You were satiated.
 You were unencumbered.
 You were wielding an axe.
 You had expert skill with axe.

Final Attributes:
 You were piously aligned.
 You were magic-protected.
 You were fire resistant.
 You were cold resistant.
 You were sleep resistant.
 You were shock resistant.
 You were poison resistant.
 You saw invisible.
 You were telepathic.
 You were warned.
 You were stealthy.
 You caused conflict.
 You had teleport control.
 You had a small defense bonus (+3).
 You were protected.
 You took half physical damage.
 You were very fast.
 You had reflection.
 You had free action.
 You were extremely lucky.
 You had extra luck.
 Good luck did not time out for you.
 You survived after being killed once.

Miscellaneous:
 You didn't encounter any bones levels.
 Total elapsed playing time was 12 hours, 24 minutes and 58 seconds.

Major events:
 Turn
    1: BaeHund the chaotic male human Barbarian entered the dungeon
 1293: entered the Gnomish Mines
 1311: attained the rank of Pillager (level 3)
 2416: attained the rank of Bandit (level 6)
 2596: reached Mine Town
 2894: averted death (killed by a leocrotta)
 6164: entered Sokoban
 6340: completed 1st Sokoban level
 6794: completed 2nd Sokoban level
 6997: completed 3rd Sokoban level
 7636: completed 4th Sokoban level
 7775: entered the Bigroom
10123: was bestowed with Cleaver by Set
10541: attained the rank of Brigand (level 10)
10643: acquired the Sokoban amulet of reflection
13200: entered Home 1, the Quest
20538: killed Medusa
22511: attained the rank of Raider (level 14)
22512: made his first wish - "blessed fixed +3 grey dragon scale mail", got "a gray dragon scale mail"
22521: wished for "blessed fixed bag of holding", got "a bag"
22538: wished for "blessed fixed +3 gauntlets of power", got "a pair of old gloves"
22713: made his first artifact wish - "blessed Master Key of Thievery", got "a skeleton key named the Master Key of Thievery"
23384: Pelias has granted access to proceed deeper into the quest
23408: entered Home 2, the Quest
23760: entered Home 3, the Quest
24029: entered Home 4, the Quest
24278: entered Home 5, the Quest
24464: found the Heart of Ahriman on the floor
24479: killed Thoth Amon
24480: acquired the Bell of Opening
25229: was bestowed with Dragonbane by Set
25726: entered Gehennom
26344: wished for "blessed fixed +3 helm of telepathy", got "a crested helmet"
29772: killed Juiblex
29863: wished for "blessed magic marker", got "a magic marker"
30051: was bestowed with Sting by Set
30874: bribed Asmodeus with 452 zorkmids for safe passage
31758: bribed Baalzebub with 373 zorkmids for safe passage
32241: found Sunsword on the floor
32478: destroyed Vlad the Impaler
32480: acquired the Candelabrum of Invocation
33812: killed Orcus
33876: attained the rank of Reaver (level 18)
34231: killed Yeenoghu
34257: wished for "2 blessed scrolls of genocide", got "2 scrolls labeled EIRIS SAZUN IDISI"
34259: performed his first genocide (class L)
34260: genocided class h
37953: killed the Wizard of Yendor
37972: acquired the Book of the Dead
38155: performed the invocation
38280: killed the high priestess of Moloch
38285: acquired The Amulet of Yendor
38286: wished for "2 blessed amulets of life saving", got "an amulet of life saving"
38723: killed the Wizard of Yendor (2nd time)
39852: entered the Elemental Planes
39852: entered Plane of Earth
39853: killed the Wizard of Yendor (3rd time)
39895: entered Plane of Air
39965: entered Plane of Fire
39988: entered Plane of Water
40570: entered the Astral Plane
40583: found Frost Brand carried by a monster
40602: killed Famine
40623: ascended

Spells:
 Name                 Level Category     Fail Retention
 healing                1   healing      100%    (gone)
 fireball               4   attack       100%    (gone)

Skills:
 Fighting Skills
   bare handed combat [Basic]
   two weapon combat  [Unskilled]
   riding             [Unskilled]
 Weapon Skills
   dagger             [Unskilled]
   axe                [Expert]
   pick-axe           [Unskilled]
   short sword        [Basic]
   broadsword         [Skilled]
   long sword         [Unskilled]
   two-handed sword   [Unskilled]
   saber              [Unskilled]
   club               [Unskilled]
   mace               [Unskilled]
   morning star       [Unskilled]
   flail              [Unskilled]
   hammer             [Unskilled]
   quarterstaff       [Unskilled]
   spear              [Unskilled]
   trident            [Unskilled]
   bow                [Unskilled]
 Spellcasting Skills
   attack spells      [Unskilled]
   escape spells      [Unskilled]

Voluntary challenges:
 Character rerolling was not enabled.
 You genocided 11 types of monsters.
 You never polymorphed an object.
 You used 8 wishes (1 for an artifact).
 You did not violate any of the special Sokoban rules.
Achievements:
 You entered a shop.
 You entered the Gnomish Mines.
 You attained the rank of Pillager.
 You attained the rank of Bandit.
 You entered Minetown.
 You entered a temple.
 You entered Sokoban.
 You entered the Big Room.
 You attained the rank of Brigand.
 You completed Sokoban.
 You defeated Medusa.
 You attained the rank of Raider.
 You had the Bell of Opening.
 You entered Gehennom.
 You had the Candelabrum of Invocation.
 You attained the rank of Reaver.
 You had the Book of the Dead.
 You gained access to Moloch's Sanctum.
 You reached the Elemental Planes.
 You reached the Astral Plane.
 You delivered the Amulet of Yendor.
 You ascended!

 The Elemental Planes:
    Astral Plane: <- You are here.
       A temple and an altar to Set.
    Plane of Water:
    Plane of Fire:
    Plane of Air:
    Plane of Earth:
 The Dungeons of Doom: levels 1 to 28
    Level 1:
       An altar to Set, many fountains.
       One way stairs up to The Elemental Planes.
    Level 2:
       A fountain.
    Level 3:
       A potion shop, an altar to Set, a fountain.
    Level 4:
       Some sinks.
       Stairs down to The Gnomish Mines.
    Level 5:
       A grave.
    Level 6:
    Level 7:
       A fountain.
    Level 8:
       A fountain.
    Level 9:
       Many fountains.
       Oracle of Delphi.
    Level 10:
       An armor shop, a sink.
       Stairs up to Sokoban, level 9.
    Level 11:
       A very big room.
    Level 12: "STASH HERE BOTTOM"
    Level 13:
    Level 14:
    Level 15:
       An altar to Set, a sink.
       Portal to The Quest.
    Level 16:
       A primitive area.
    Level 17:
    Level 18:
    Level 19:
       A grave.
    Level 20:
       A sink.
    Level 21:
    Level 22:
       An armor shop.
    Level 23:
    Level 24:
       A fountain, many trees.
    Level 25:
    Level 26:
    Level 27:
    Level 28:
       The castle.
       Connection to Gehennom.
 Gehennom: levels 29 to 48
    Level 29:
       A temple and an altar, many graves.
       Valley of the Dead.
    Level 30:
    Level 31:
    Level 32:
       A fountain.
    Level 33:
    Level 34:
    Level 35:
    Level 36:
    Level 37:
       Stairs up to Vlad's Tower, level 36.
    Level 38:
    Level 39:
    Level 40:
       Some shops, an altar, many graves.
    Level 41:
    Level 42:
    Level 43:
    Level 44: "FAKE TOWER"
    Level 45:
    Level 46:
    Level 47:
    Level 48:
       A temple and an altar, many graves.
       Moloch's Sanctum.
 The Gnomish Mines: levels 5 to 12
    Level 5:
    Level 6: "mattock here"
    Level 7:
    Level 8:
       Many shops, a temple and an altar, some fountains, some trees.
    Level 9:
    Level 10: "pickaxe here"
    Level 11:
    Level 12:
       A fountain.
 The Quest: levels 1 to 5
    Level 1:
       Many trees.
       Completed quest for Pelias.
    Level 2:
    Level 3:
    Level 4:
    Level 5:
       An altar.
 Sokoban: levels 9 up to 6
    Level 6:
       Solved.
    Level 7:
       Solved.
    Level 8: "SECRET DOOR WAND"
       Solved.
    Level 9:
       Solved.
 Vlad's Tower: levels 36 up to 34
    Level 34:
       A throne.
    Level 35:
    Level 36:


Vanquished creatures:
    Orcus
    Yeenoghu
    Juiblex
the Wizard of Yendor (4 times)
    Famine
    Vlad the Impaler
  a high cleric
  2 mastodons
    Medusa
  9 krakens
 an Archon
  3 iron golems
  6 master liches
  2 storm giants
  2 glass golems
  2 balrogs
    Thoth Amon
  9 purple worms
  a gray dragon
  a gold dragon
  3 silver dragons
  5 red dragons
  3 white dragons
 an orange dragon
  a black dragon
  4 blue dragons
  a green dragon
  4 yellow dragons
 26 minotaurs
  3 jabberwocks
  9 baluchitheria
 an Angel
  2 demiliches
  3 stone golems
  3 master mind flayers
  5 Olog-hai
  2 Nazgul
  9 pit fiends
  2 sandestins
  6 hell hounds
  4 displacer beasts
  7 titanotheres
  4 trappers
  3 baby red dragons
  2 guardian nagas
  4 genetic engineers
  6 disenchanters
 39 vampire leaders
  6 skeletons
  4 aligned clerics
  6 captains
  6 shades
  4 liches
  3 clay golems
  4 nurses
  8 ice devils
  5 nalfeshnees
  4 lurkers above
  3 Aleaxes
  a frost giant
  5 ettins
  a golden naga
  a black pudding
 25 vampires
  8 lieutenants
 28 ghosts
  a samurai
  a tourist
  a queen bee
  9 winged gargoyles
  a mind flayer
 12 giant mimics
  4 long worms
  2 zruties
  4 fire giants
  5 ogre tyrants
 59 rock trolls
  2 umber hulks
  7 flesh golems
  4 elven monarchs
  4 doppelgangers
  5 hezrous
  7 bone devils
  6 large mimics
  4 wumpuses
 11 fire vortices
  a couatl
 13 stalkers
  8 air elementals
  5 fire elementals
  6 earth elementals
 24 water elementals
  5 hill giants
  5 giant mummies
  a black naga
  9 xorns
 13 giant zombies
  2 elf-nobles
 18 sergeants
  a water demon
  6 barbed devils
 14 vrocks
  8 salamanders
  2 wargs
  3 winter wolves
 10 hell hound pups
 21 small mimics
  7 warhorses
 12 steam vortices
  7 xans
  4 ettin mummies
  8 ogre leaders
 11 quantum mechanics
 38 trolls
  3 sasquatches
  6 wood golems
  7 mariliths
  6 sharks
  6 electric eels
 14 gelatinous cubes
  8 pyrolisks
  4 large dogs
  2 freezing spheres
 13 flaming spheres
 10 shocking spheres
  6 large cats
  6 tigers
  7 gargoyles
  7 dwarf rulers
  5 tengu
  6 ochre jellies
 11 leocrottas
  3 energy vortices
  a mountain centaur
  2 stone giants
  5 elf mummies
  2 human mummies
  2 red nagas
  5 green slimes
  6 pythons
 11 pit vipers
  6 cobras
 47 wraiths
  8 carnivorous apes
 14 ettin zombies
  a Grey-elf
 79 soldiers
  6 amorous demons
  8 horned devils
 10 chameleons
 28 giant beetles
 10 quivering blobs
 14 cockatrices
 10 wolves
  2 winter wolf cubs
  4 lynxes
  2 panthers
 10 gremlins
  a spotted jelly
  7 leprechauns
  2 orc-captains
  6 iron piercers
  8 mumakil
 13 giant spiders
  3 scorpions
  5 horses
  3 ice vortices
 11 black lights
  5 vampire bats
  a forest centaur
  4 gnome rulers
 an orc mummy
  a dwarf mummy
 64 ogres
  7 brown puddings
 14 rust monsters
  8 owlbears
  8 yetis
  4 gold golems
  a werewolf
  a Green-elf
  7 piranha
 18 giant eels
 19 lizards
  6 chickatrices
  3 dingoes
  3 dogs
  2 housecats
 10 jaguars
  4 dwarf leaders
  8 blue jellies
  6 white unicorns
  2 gray unicorns
  3 dust vortices
 33 ravens
  5 plains centaurs
  4 gnome mummies
  a snake
 17 apes
 15 human zombies
  2 rope golems
  a Woodland-elf
 17 soldier ants
 16 fire ants
  7 bugbears
  3 lemures
  a quasit
  8 wood nymphs
  8 water nymphs
  6 mountain nymphs
 12 Mordor orcs
 19 Uruk-hai
  2 orc shamans
  2 rock piercers
  5 rock moles
  a woodchuck
  2 ponies
  3 fog clouds
 17 yellow lights
  2 shriekers
  6 violet fungi
 21 gnome leaders
  9 gnomish wizards
  a kobold mummy
  5 gray oozes
  7 barrow wights
 14 elf zombies
  9 ghouls
  a straw golem
  5 paper golems
  5 jellyfish
 28 giant ants
 13 floating eyes
  4 kittens
 24 dwarves
  a homunculus
  6 kobold shamans
 19 hill orcs
 14 rothes
  3 rabid rats
  3 giant bats
  2 monkeys
 18 orc zombies
 11 dwarf zombies
  2 werejackals
  5 iguanas
 60 killer bees
  4 acid blobs
  4 coyotes
  a gas spore
  4 hobbits
 18 manes
  2 large kobolds
 13 hobgoblins
  3 giant rats
  a cave spider
  a brown mold
  6 yellow molds
  a green mold
  a red mold
 70 gnomes
  7 garter snakes
 19 gnome zombies
 11 geckos
  8 jackals
  a fox
  2 kobolds
  2 goblins
  2 sewer rats
 17 grid bugs
  3 bats
  7 lichens
 16 kobold zombies
  5 newts
2171 creatures vanquished.

Genocided species:
 arch-liches
 master liches
 demiliches
 master mind flayers
 liches
 mind flayers
 dwarf rulers
 dwarf leaders
 bugbears
 dwarves
 hobbits
11 species genocided.

Goodbye BaeHund the Demigod...

You went to your reward with 2768970 points,
Cleaver (worth 1500 zorkmids and 3750 points)
Sunsword (worth 1500 zorkmids and 3750 points)
Sting (worth 800 zorkmids and 2000 points)
The Master Key of Thievery (worth 3500 zorkmids and 8750 points)
The Heart of Ahriman (worth 2500 zorkmids and 6250 points)
The Book of the Dead (worth 10000 zorkmids and 25000 points)
Dragonbane (worth 500 zorkmids and 1250 points)
The Bell of Opening (worth 5000 zorkmids and 12500 points)
The Candelabrum of Invocation (worth 5000 zorkmids and 12500 points)
       1 amulet of life saving (worth 150 zorkmids),
       1 amulet of change (worth 150 zorkmids),
       1 amulet of reflection (worth 150 zorkmids),
       1 amulet of flying (worth 150 zorkmids),
and 4286 pieces of gold, after 40623 moves.
You were level 21 with a maximum of 256 hit points when you ascended.

